 Dungeon Crawl Stone Soup version 0.28-a0-1429-gf3d713df7a (webtiles) character file.

Game seed: 8464456778157641458

5 HallandMoats the Skirmisher (level 1, 19/19 HPs)
             Began as a Ghoul Fighter on Jan 9, 2022.
             Was an Initiate of Yredelemnul.
             Safely got out of the dungeon.
             The game lasted 00:00:37 (419 turns).

HallandMoats the Skirmisher (Ghoul Fighter)          Turns: 419, Time: 00:00:37

Health: 19/19      AC:  6    Str: 19    XL:     1   Next: 80%
Magic:  0/0        EV:  9    Int:  3    God:    Yredelemnul [......]
Gold:   0          SH:  4    Dex:  8    Spells: 0/0 levels left

rFire   . . .      SeeInvis .   a - +0 war axe
rCold   + . .      Faith    .   c - +0 buckler
rNeg    + + +      Spirit   .   b - +0 scale mail
rPois   ∞          Reflect  .   (no helmet)
rElec   .          Harm     .   (no cloak)
rCorr   .          Rampage  .   (no gloves)
Will    .....                   (no boots)
Stlth   ..........              (no amulet)
HPRegen 0.06/turn               (no ring)
MPRegen 0.07/turn               (no ring)

@: no status effects
A: claws 1, cold resistance 1, negative energy resistance 3, inhibited
regeneration, torment resistance 2
a: Renounce Religion, Recall Undead Harvest


You escaped.
You worshipped Yredelemnul.
Yredelemnul was noncommittal.
You visited 1 branch of the dungeon, and saw 1 of its levels.

Inventory:

Hand Weapons
 a - a +0 war axe (weapon)
Armour
 b - a +0 scale mail (worn)
 c - a +0 buckler (worn)
Scrolls
 e - a scroll of identify {unknown}
Potions
 d - a potion of might


   Skills:
 + Level 3.3 Fighting
 + Level 1.8 Axes
 + Level 2.7 Armour
 + Level 0.1 Dodging
 * Level 2.8 Shields
 + Level 0.1 Invocations


You couldn't memorise any spells.
You didn't know any spells.
Your spell library was empty.

Dungeon Overview and Level Annotations

Branches:
Dungeon (1/15)

Altars:
Yredelemnul


Innate Abilities, Weirdness & Mutations

You thrive by killing the living.
You are immune to poison.
You have sharp fingernails.
Your flesh is cold resistant. (rC+)
You are immune to negative energy. (rN+++)
You do not regenerate when monsters are visible.
You are immune to unholy pain and torment.


Message History

No target in view!
No target in view!
No target in view!
No target in view!
No target in view!
No target in view!
No target in view!
No target in view!
No target in view!
No target in view!
Search for what [? for help]? altar You enter the shallow water.
Moving in this stuff is going to be slow.
You enter the shallow water.
Moving in this stuff is going to be slow.
You enter the shallow water.
Moving in this stuff is going to be slow.
You enter the shallow water.
Moving in this stuff is going to be slow.
There is a faded altar of an unknown god here.
You cannot tell which god this altar belongs to.
Convert to them anyway?
Yredelemnul accepts your prayer! Yredelemnul welcomes you!
You can now reap souls.
You can now recall your undead harvest.
You swap places.
You swap places.
You enter the shallow water.
Moving in this stuff is going to be slow.
Your giant cockroach zombie bites the fungus.
The fungus begins to die.
Your giant cockroach zombie splashes around in the water.
You enter the shallow water.
Moving in this stuff is going to be slow.
A nearby fungus withers and dies.
You enter the shallow water.
Moving in this stuff is going to be slow.
You enter the shallow water.
Moving in this stuff is going to be slow.
There is a staircase leading out of the dungeon here.
Are you sure you want to leave the Dungeon?
This will make you lose the game!
You have escaped!

##..............# #..
#.....#.........# ##.
#.......[###..Z..#### #.
#.......#####.....########.
#......#.....#.............
#.....###...###............
......#####.#####...........
......#.....Z.....#.........#
.....###....@....###.......>#
##.......#####.......#
....#.....#.....#......#
...###...###...###..#### #.#
##.#####.#####.## ..
................#
.##.##.###.#####.### #
#.......(#####....
###.#.......#.....


You could see a friendly adder zombie.

Vanquished Creatures
  An endoplasm (D:1)
  2 hobgoblins (D:1)
  A ball python (D:1)
  A frilled lizard (D:1)
5 creatures vanquished.

Vanquished Creatures (others)
  A fungus (D:1)
1 creature vanquished.

Grand Total: 6 creatures vanquished

Notes
Turn   | Place    | Note
-------+----------+-------------------------------------------
     0 | D:1      | HallandMoats the Ghoul Fighter began the quest for the Orb.
     0 | D:1      | Reached XP level 1. HP: 19/19 MP: 0/0
   257 | D:1      | Found a faded altar of an unknown god.
   377 | D:1      | Prayed at the altar of an unknown god.
   377 | D:1      | Became a worshipper of Yredelemnul the Dark
   419 | D:$      | Safely got out of the dungeon.

Illustrated notes

Levels and vault maps discovered:
D:1:      onia_arrival_pyramid, layout_loops_cross,
          shapermc_ecumenical_altar_hornbeckon, serial_shops, shop,
          shop_fountains, nicolae_shop_competitors_out_of_business

Action                   || total
-------------------------++-------
Melee: War axe           ||    28
Armor: Scale mail        ||    16
Dodge: Dodged            ||    15
Block: Buckler           ||     8

Table legend: (Time is in decaauts)
 A = Elapsed time spent in this place.
 B = Non-inter-level travel time spent in this place.
 C = Inter-level travel time spent in this place.
 D = Time resting spent in this place.
 E = Time spent auto-exploring this place.
 F = Levels seen in this place.
 G = Mean time per level.
                   A        B        C        D        E       F      G
               +--------+--------+--------+--------+--------+-----+--------+
         Total |    449 |    358 |     91 |      0 |    298 |   1 |  449.0 |
       Dungeon |    449 |    358 |     91 |      0 |    298 |   1 |  449.0 |
               +--------+--------+--------+--------+--------+-----+--------+

Top non-repeatable levels by time:
     D:1: 449 daAuts
